 Dungeon Crawl Stone Soup version 0.24.0-123-gd5b16e6ec5 (webtiles) character file.

Game seed: 5672793857471330922, levelgen mode: deterministic

349 Iamsoldier the Skirmisher (level 6, 0/40 HPs)
             Began as a Gargoyle Fighter on Dec 18, 2019.
             Was a Follower of Makhleb.
             Slain by an ogre
             ... wielding a +0 giant club
              (7 damage)
             ... on level 4 of the Dungeon.
             The game lasted 00:04:07 (3415 turns).

Iamsoldier the Skirmisher (Gargoyle Fighter)        Turns: 3415, Time: 00:04:07

Health: 0/40       AC: 15    Str: 22    XL:     6   Next: 60%
Magic:  6/6        EV:  5    Int:  8    God:    Makhleb [*.....]
Gold:   199        SH:  9    Dex:  9    Spells: 5/5 levels left

rFire    . . .     SeeInvis .   a - +0 flail
rCold    . . .     Gourm    .   c - +0 shield
rNeg     + . .     Faith    .   i - +0 chain mail
rPois    ∞         Spirit   .   o - +0 helmet
rElec    +         Reflect  .   (no cloak)
rCorr    .         Harm     .   (no gloves)
MR       .....                  (no boots)
Stlth    ..........             (no amulet)
HPRegen  0.13/turn              (no ring)
MPRegen  0.10/turn              (no ring)

@: no status effects
A: negative energy resistance 1, electricity resistance, unbreathing,
petrification resistance, rot immunity, AC +4
a: Renounce Religion


You were on level 4 of the Dungeon.
You worshipped Makhleb.
Makhleb was aware of your devotion.
You were very hungry.

You visited 1 branch of the dungeon, and saw 4 of its levels.

You collected 199 gold pieces.

Inventory:

Hand Weapons
 a - a +0 flail (weapon)
Armour
 c - a +0 shield (worn)
 i - a +0 chain mail (worn)
 o - a +0 helmet (worn)
Jewellery
 j - an uncursed ring of resist corrosion {unknown}
 l - an uncursed ring of flight
Scrolls
 b - a scroll of teleportation {unknown}
 e - 3 scrolls of immolation {unknown}
 h - a scroll of enchant armour {unknown}
 n - a scroll of identify {unknown}
Potions
 d - 2 potions of might
 g - 2 potions of brilliance {unknown}
 k - a potion of curing {unknown}
 m - a potion of degeneration {unknown}
 p - a potion of flight {unknown}
Comestibles
 f - 6 rations


   Skills:
 * Level 5.3 Fighting
 * Level 4.2 Maces & Flails
 + Level 4.3 Armour
 + Level 4.3 Shields


You had 5 spell levels left.
You didn't know any spells.
Your spell library was empty.

Dungeon Overview and Level Annotations

Branches:
Dungeon (4/15)
 Temple: D:4-7

Altars:
Fedhas
Gozag
Makhleb
Xom


Innate Abilities, Weirdness & Mutations

You are resistant to torment.
Your stone body is resilient. (AC +4)
You are immune to poison.
You resist negative energy. (rN+)
You are resistant to electric shocks. (rElec)
You can survive without breathing.
You are immune to petrification.
You are immune to rotting.


Message History

Your Fighting skill increases to level 5!
Your Maces & Flails skill increases to level 4!
Unknown command.
You start resting.
You feel a little less mighty now.
You start resting.
You are feeling very hungry.
An ogre comes into view. It is wielding a +0 giant club.
An ogre is nearby!
An ogre is nearby!
Your shield and chain mail prevent you from hitting the ogre.
The ogre hits you with a +0 giant club.
You barely miss the ogre.
The ogre hits you with a +0 giant club!!
Ouch! That really hurt!
* * * LOW HITPOINT WARNING * * *
You are too injured to fight recklessly!
You are too injured to fight recklessly!
The ogre hits you with a +0 giant club!
You die...

#.(......####..........#
#.............≈≈≈........
............≈≈≈≈≈≈≈......
...........≈≈≈≈≈≈≈≈≈....#
.#........≈≈≈≈≈≈≈≈≈≈≈...#
..........≈≈≈≈.♣P≈≈≈≈...#
.#######.≈≈≈≈.PP.P≈≈≈≈..#
.... #.≈≈≈≈<._♣>≈≈≈≈...
...####@≈≈≈≈P...P≈≈≈≈..#
........O≈≈≈≈..P≈≈≈≈...#
###......≈≈≈≈≈≈≈≈≈≈≈....
#.......≈≈≈≈≈≈≈≈≈.....
#####.....#..≈≈≈≈≈≈≈......
..........##...≈≈≈......#
####.....##.......######.
#........####...........#
#......#######..........#


You could see an ogre.

Vanquished Creatures
  Menkaure (D:4)
  An orc priest (D:3)
  A worker ant (D:4)
  A worker ant zombie (D:3)
  3 gnolls
  5 adders
  An ooze (D:2)
  6 worms
  A dart slug (D:1)
  A leopard gecko (D:3)
  6 orcs (D:3)
  5 giant cockroaches
  5 goblins
  4 hobgoblins
  2 quokkas (D:3)
  2 ball pythons
  8 bats
  3 frilled lizards
  7 kobolds
  7 rats
70 creatures vanquished.

Notes
Turn   | Place    | Note
-------+----------+-------------------------------------------
     0 | D:1      | Iamsoldier the Gargoyle Fighter began the quest for the
                  | Orb.
     0 | D:1      | Reached XP level 1. HP: 14/14 MP: 1/1
   143 | D:1      | Reached XP level 2. HP: 19/19 MP: 2/2
  1035 | D:2      | Reached XP level 3. HP: 18/24 MP: 3/3
  1471 | D:2      | Reached skill level 4 in Fighting
  1503 | D:2      | Reached XP level 4. HP: 29/29 MP: 4/4
  1704 | D:2      | Found an opulent altar of Gozag.
  1704 | D:2      | Found a burning altar of Makhleb.
  1709 | D:2      | Found a faded altar of an unknown god.
  1711 | D:2      | Found a faded altar of an unknown god.
  1712 | D:2      | Found a shimmering altar of Xom.
  1734 | D:2      | Became a worshipper of Makhleb the Destroyer
  2286 | D:3      | Reached XP level 5. HP: 34/34 MP: 5/5
  2760 | D:3      | Reached * piety under Makhleb
  3203 | D:4      | Reached XP level 6. HP: 40/40 MP: 6/6
  3206 | D:4      | Found a blossoming altar of Fedhas.
  3236 | D:4      | Noticed Menkaure
  3247 | D:4      | Killed Menkaure
  3247 | D:4      | Reached skill level 5 in Fighting
  3415 | D:4      | Slain by an ogre

Levels and vault maps discovered:
D:1:      wander_arrival_estate, layout_basic, serial_bayou_lake_a
D:2:      minmay_wonky_spiral, layout_rooms, chequers_temple_overflow_minitemple
D:3:      layout_loops_corners, hangedman_abyss_or_decor_lesser_grid,
          grunt_ministairs_12, minmay_box_of_dots
D:4:      layout_basic, fedhas_ov_isle_minmay, tgw_trog, first_ration,
          uniq_menkaure, uniq_eustachio

Skill      XL: |  1  2  3  4  5  6 |
---------------+-------------------+-----
Fighting       | 4 5 |  5.3
Maces & Flails | 3 4 |  4.2
Armour         | 4 |  4.3
Shields        | 4 |  4.3

Action                   |  1- 3 |  4- 6 || total
-------------------------+-------+-------++-------
Melee: Flail             |   162 |   246 ||   408
  Use: Potion            |       |     2 ||     2
  Eat: Chunk             |     2 |     6 ||     8
Armor: Scale mail        |    30 |       ||    30
       Chain mail        |    64 |   187 ||   251
Dodge: Dodged            |    52 |    61 ||   113
Block: Shield            |    96 |   148 ||   244
